 Dungeon Crawl Stone Soup version 0.31-a0-1237-gabc64e778c (webtiles) character file.

Game seed: 15811346265479989164

457 Armakuni the Charlatan (level 7, -2/48 HPs)
             Began as a Human Artificer on Dec 16, 2023.
             Slain by an orc wizard
             ... wielding a +0 spear
              (5 damage)
             ... on level 5 of the Dungeon.
             The game lasted 00:12:51 (4082 turns).

Armakuni the Charlatan (Human Artificer)            Turns: 4082, Time: 00:12:51

Health: -2/48      AC:  5    Str: 12    XL:     7   Next: 27%
Magic:  4/8        EV: 11    Int: 14    God:
Gold:   276        SH:  0    Dex: 13    Spells: 6/8 levels left

rFire   + . .        a - +0 flail
rCold   + . .        (no shield)
rNeg    . . .        b - +0 leather armour
rPois   .            d - +0 helmet
rElec   .            q - scarf {rC+ rF+}
rCorr   .            s - +0 pair of gloves
SInv    .            (no boots)
Will    .....        (no amulet)
Stlth   +            (no ring)
HPRegen 0.28/turn    (no ring)
MPRegen 0.11/turn

%: no passive effects
@: confused, on berserk cooldown, slowed, very slow
A: no striking features
a: no special abilities


You were on level 5 of the Dungeon.
You visited 1 branch of the dungeon, and saw 5 of its levels.

You collected 276 gold pieces.

Inventory:

Hand Weapons
 a - a +0 flail (weapon)
Armour
 b - a +0 leather armour (worn)
 d - a +0 helmet (worn)
 h - a scarf of invisibility
 q - a scarf of resistance (worn)
 s - a +0 pair of gloves (worn)
Magical Staves
 r - a staff of air
Jewellery
 f - a +6 ring of intelligence
Wands
 c - a wand of charming (18)
Scrolls
 i - 2 scrolls of teleportation
 l - a scroll of vulnerability
 p - a scroll of revelation
 t - a scroll of noise {unknown}
 u - a scroll of identify
Potions
 g - a potion of enlightenment
 j - a potion of magic {unknown}
 k - a potion of heal wounds
 m - a potion of attraction {unknown}
 n - a potion of lignification {unknown}
 o - a potion of invisibility {unknown}


   Skills:
 - Level 1.0 Fighting
 - Level 2.0 Armour
 - Level 1.0 Dodging
 - Level 1.0 Stealth
 - Level 1.0 Spellcasting
 + Level 2.3 Air Magic
 - Level 1.0 Poison Magic
 - Level 7.0 Evocations


You had 6 spell levels left.
You knew the following spells:

 Your Spells              Type           Power      Damage    Failure   Level
z - Poisonous Vapours     Pois/Air       10%        N/A       26%         2

Your spell library contained the following spells:

 Spells                   Type           Power      Damage    Failure   Level
 Mephitic Cloud           Conj/Pois/Air  3%         N/A       54%         3
 Freezing Cloud           Conj/Ice/Air   1%         6-21      100%        5


Dungeon Overview and Level Annotations

Branches:
Dungeon (5/15)             Temple (0/1) D:5

Altars:
Ashenzari
Xom

Shops:
D:3 [


Message History

You bump into the stone wall.
Something hits you. Something hits you.
Your magical contamination has completely faded away.
Something hits you.
Items here: ))) [ ††††.
You bump into the stone wall.
Something hits you but does no damage.
It was a potion of berserk rage.
A red film seems to cover your vision as you go berserk!
You feel yourself moving faster!
You feel mighty! Something hits you.
You bump into the stone wall.
You feel a strong urge to attack something.
Something hits you.
* * * LOW HITPOINT WARNING * * *
You bump into the stone wall.
You feel less confused. Something hits you but does no damage.
You barely miss something. Something hits you.
* * * LOW HITPOINT WARNING * * *
You closely miss something. Your punch misses something. Something hits you.
* * * LOW HITPOINT WARNING * * *
You closely miss something. You miss something. Something hits you.
* * * LOW HITPOINT WARNING * * *
You miss something. Your punch misses something. Something hits you.
* * * LOW HITPOINT WARNING * * *
You miss something. Something hits you.
* * * LOW HITPOINT WARNING * * *
You miss something. Something hits you but does no damage.
You miss something. Something hits you but does no damage.
You closely miss something.
You hear some strange, mumbled words.
You are confused.
You're too confused to move!
You are no longer berserk.
You are exhausted.
You feel yourself slow down. Something completely misses you.
You miss something. Something hits you.
* * * LOW HITPOINT WARNING * * *
Something hits you.
You die...

#####..# ...o.
#...S..# ....#
#.###..# ..#.
#.# #..# ##.
#.###..#
#......#
#.##...#
#{##...#
#@###.##
#######.# #.#
........###.#
.#######.....##
.......#†.....##
#...####...#
#.........##
#...#.##...#
#####>##.....


There were no monsters in sight!

Vanquished Creatures
  A black bear (D:4)
  A phantom (D:4)
  A hound (D:5)
  Ijyb (D:3)
  An iguana (D:5)
  2 orc wizards (D:4)
  A hound zombie (D:3)
  Robin (D:3)
  3 adders
  A shadow imp (D:4)
  An adder zombie (D:3)
  A worm (D:2)
  A dart slug (D:1)
  11 orcs
  8 ball pythons
  7 bats
  7 endoplasms
  4 giant cockroaches
  6 goblins
  10 hobgoblins
  5 jackals
  3 quokkas
  2 frilled lizards
  2 kobolds
  A quokka skeleton (D:3)
  6 rats
88 creatures vanquished.

Vanquished Creatures (collateral kills)
  A jackal (D:4)
1 creature vanquished.

Vanquished Creatures (others)
  A goblin (D:3)
  A jackal (D:1)
2 creatures vanquished.

Grand Total: 91 creatures vanquished

Notes
Turn   | Place    | Note
-------+----------+-------------------------------------------
     0 | D:1      | Armakuni the Human Artificer began the quest for the Orb.
     0 | D:1      | Reached XP level 1. HP: 15/15 MP: 1/1
   228 | D:1      | Reached XP level 2. HP: 17/21 MP: 2/2
   576 | D:1      | Reached skill level 4 in Evocations
   576 | D:1      | Reached XP level 3. HP: 20/26 MP: 3/3
   826 | D:2      | Found a shimmering altar of Xom.
  1982 | D:3      | Found a broken altar of Ashenzari.
  2128 | D:3      | Reached XP level 4. HP: 32/32 MP: 4/4
  2183 | D:3      | Found Osyaliff's Armour Boutique.
  2290 | D:3      | Noticed Robin
  2313 | D:3      | Killed Robin
  2314 | D:3      | Reached skill level 5 in Evocations
  2450 | D:3      | Noticed Ijyb
  2460 | D:3      | Reached XP level 5. HP: 30/37 MP: 5/5
  2469 | D:3      | Killed Ijyb
  3027 | D:4      | Reached skill level 6 in Evocations
  3113 | D:4      | Reached XP level 6. HP: 32/43 MP: 6/6
  3117 | D:4      | Noticed a black bear
  3130 | D:4      | Killed a black bear
  3131 | D:4      | Reached skill level 7 in Evocations
  3260 | D:4      | Learned a level 2 spell: Poisonous Vapours
  3661 | D:5      | Entered Level 5 of the Dungeon
  3690 | D:4      | Reached skill level 1 in Air Magic
  3690 | D:4      | Reached skill level 1 in Poison Magic
  3690 | D:4      | Reached XP level 7. HP: 28/48 MP: 6/8
  3770 | D:5      | Found a staircase to the Ecumenical Temple.
  3790 | D:4      | Reached skill level 1 in Spellcasting
  4082 | D:5      | Slain by an orc wizard

Illustrated notes

Levels and vault maps discovered:
D:1:      tarquinn_simple_flora_water_f, layout_basic
D:2:      layout_loops_corners, basic_altar, minmay_misc_feat_alley
D:3:      layout_loops_ring, lemuel_doored_altar, serial_shops,
          nicolae_shop_waterfront, serial_undead, serial_undead_a,
          serial_undead_e, serial_undead_d, serial_undead_f, uniq_robin,
          uniq_ijyb
D:4:      layout_loops_ring
D:5:      layout_loops_ring, riverfiend_overflow_shadow_ancestor,
          nemelex_diamond_rough_becter, minmay_temple_entry_sparse_star,
          nicolae_half_adder

Skill      XL: |  1  2  3  4  5  6  7 |
---------------+----------------------+-----
Evocations     | 4 5 6 7 |  7.0
Air Magic      | 1 2 |  2.3
Poison Magic   | 1 |  1.0
Spellcasting   | 1 |  1.0
Fighting       | |  1.0
Armour         | |  2.0
Dodging        | |  1.0
Stealth        | |  1.0

Action                     |  1- 3 |  4- 6 |  7- 9 || total
---------------------------+-------+-------+-------++-------
  Melee: Club              |   168 |       |       ||   168
         Punch             |     3 |     1 |     3 ||     7
         Flail             |       |   149 |    60 ||   209
   Cast: Poisonous Vapours |       |       |     5 ||     5
  Evoke: Wand              |     7 |    19 |       ||    26
    Use: Scroll            |     5 |     1 |       ||     6
         Potion            |       |     1 |     1 ||     2
   Stab: Sleeping          |     1 |       |     1 ||     2
 Armour: Leather armour    |   110 |   139 |    61 ||   310
  Dodge: Dodged            |   126 |   102 |    46 ||   274

Table legend: (Time is in decaauts)
 A = Elapsed time spent in this place.
 B = Non-inter-level travel time spent in this place.
 C = Inter-level travel time spent in this place.
 D = Time resting spent in this place.
 E = Time spent auto-exploring this place.
 F = Levels seen in this place.
 G = Mean time per level.
                   A        B        C        D        E       F      G
               +--------+--------+--------+--------+--------+-----+--------+
         Total |   4211 |   4116 |     95 |    563 |   2367 |   5 |  842.2 |
       Dungeon |   4211 |   4116 |     95 |    563 |   2367 |   5 |  842.2 |
               +--------+--------+--------+--------+--------+-----+--------+

Top non-repeatable levels by time:
     D:3: 1240 daAuts
     D:4: 1006 daAuts
     D:2: 887 daAuts
     D:1: 826 daAuts
     D:5: 250 daAuts
